 Dungeon Crawl Stone Soup version 0.17.1-3-g152610e (webtiles) character file.

6991 Heskey the Fighter (level 10, -24/86 HPs)
             Began as a Demonspawn Gladiator on Apr 5, 2016.
             Was a High Priest of Makhleb.
             Annihilated by Maud
             ... wielding a +0 eveningstar of protection
              (29 damage)
             ... on level 10 of the Dungeon.
             The game lasted 00:20:35 (8524 turns).

Heskey the Fighter (Demonspawn Gladiator)           Turns: 8524, Time: 00:20:35

Health: -24/86     AC: 21    Str: 17 (18) XL:     10   Next: 81%
Magic:  11/11      EV:  5    Int:  9 (10) God:    Makhleb [*****.]
Gold:   647        SH: 12    Dex: 14      Spells: 0 memorised, 9 levels left

rFire  . . .     SeeInvis .     x - +6 spear (flame)
rCold  . . .     Clarity  .     s - +0 plate armour
rNeg   . . .     SustAt   .     t - +0 shield
rPois  .         Gourm    .     i - +2 hat
rElec  .         Spirit   .     o - +2 cloak
rCorr  .         Warding  .     (no gloves)
rMut   .         Stasis   .     (no boots)
MR     +....                    (no amulet)
Stlth  ..........               (no ring)
                                f - ring of protection from magic

@: somewhat resistant to hostile enchantments, extremely unstealthy
A: horns 2, large bone plates 2, deterioration 1, screaming 1, spiny 2, spit
poison 1
a: Spit Poison, Minor Destruction, Lesser Servant of Makhleb, Major Destruction,
Greater Servant of Makhleb, Renounce Religion


You were on level 10 of the Dungeon.
You worshipped Makhleb.
Makhleb was extremely pleased with you.
You were not hungry.

You visited 1 branch of the dungeon, and saw 10 of its levels.

You collected 647 gold pieces.

Inventory:

Hand Weapons
 x - a +6 spear of flaming (weapon)
Missiles
 d - 6 throwing nets (quivered)
Armour
 i - a +2 hat (worn)
 o - a +2 cloak (worn)
 s - a +0 plate armour (worn)
 t - a +0 shield (worn)
Jewellery
 f - a ring of protection from magic (left hand)
 r - an uncursed ring of flight
 w - an uncursed amulet of stasis
Wands
 a - a wand of digging (7)
 u - a wand of frost (15)
 v - a wand of frost (30)
 G - a wand of confusion (16)
 L - a wand of magic darts (30)
Scrolls
 b - 2 scrolls of identify
 g - 3 scrolls of blinking
 k - 2 scrolls of amnesia
 l - 2 scrolls of teleportation
 m - a scroll of fear
 y - 2 scrolls of remove curse
 z - a scroll of recharging
 A - a scroll of holy word {unknown}
Potions
 c - a potion of agility
 p - a potion of curing
 B - a potion of brilliance {unknown}
 C - a potion of ambrosia {unknown}
 D - a potion of mutation
 E - 2 potions of poison {unknown}
 H - a potion of haste
 I - a potion of resistance {unknown}
 J - a potion of invisibility {unknown}
 K - a potion of might {unknown}
Comestibles
 e - 5 bread rations
 h - 8 meat rations
 j - 5 slices of pizza
 n - 6 beef jerkies
 q - 15 fruits
 F - 5 chunks of flesh


   Skills:
 * Level 10.5 Fighting
 + Level 6.9 Polearms
 - Level 1.7 Throwing
 + Level 7.8 Armour
 - Level 4.4 Dodging
 + Level 4.8 Shields
 + Level 2.4 Invocations


You had 9 spell levels left.
You didn't know any spells.

Dungeon Overview and Level Annotations

Branches:
Dungeon (10/15)            Temple (0/1) D:6
   Lair: D:8-11         Orc: D:9-12

Altars:
Fedhas
Kikubaaqudgha
Makhleb
Nemelex Xobeh
Vehumet
Yredelemnul
The Shining One

Shops:
D:4 *

Annotations:
D:9 Maurice
D:10 Maud


Innate Abilities, Weirdness & Mutations

You have a pair of horns on your head.
You are mostly covered in large bone plates (AC +3, SH +3).
You are mostly covered in sharp spines.
Your body sometimes deteriorates upon taking damage.
You occasionally shout uncontrollably at your foes.
You can spit weak poison.


Message History

Maud is moderately wounded.
You hit Maud but do no damage.
Maud is moderately wounded.
You block Maud's attack.
You hit Maud. You burn Maud. Your headbutt misses Maud.
Maud is moderately wounded.
Maud barely misses you.
You hit Maud but do no damage.
Maud is moderately wounded.
You block Maud's attack.
You hit Maud but do no damage.
Maud is moderately wounded.
Maud hits you with an eveningstar of protection!!
Your body deteriorates!
You feel dopey. Maud screams, "Die, you thief!"
Maud hits you with an eveningstar of protection!!
* * * LOW HITPOINT WARNING * * *
Your body deteriorates!
You feel weakened.
Maud hits you with an eveningstar of protection!!
You die...

#....####.....+
#....#..#.....#
#....#..####..#
#....#..#..#..#
#....'..#..#..####
#....#..#..#.....#
#....#..#..#.....#
#....#..#..#.....#
#....#..#..#@.####
#.......#..#@.#
#.......#.....#
#.......#.....#
#.......#.....#
#.......####.!+
#####....#..#..#..#
.........#..#..#..#
.........#..'..#..#


You could see Maud.

Vanquished Creatures
  A hill giant (D:6)
  2 centaur zombies
  Joseph (D:7)
  The ghost of Heskey the Skirmisher, a novice DsGl of Okawaru (D:4)
  A troll (D:9)
  Grinder (D:4)
  Sigmund (D:4)
  Eustachio (D:5)
  The ghost of Heskey the Skirmisher, an amateur DsGl (D:3)
  A wyvern (D:8)
  Edmund (D:4)
  Duvessa (D:4)
  2 sky beasts (D:7)
  An orc warrior (D:8)
  3 ogres
  3 ice beasts
  A crocodile (D:8)
  2 necrophages
  An eye of draining (D:9)
  5 giant frogs
  5 big kobolds
  3 centaurs
  Dowan (D:4)
  3 scorpions
  6 killer bees (D:9)
  A giant frog zombie (D:7)
  3 crimson imps
  A jelly (D:8)
  2 iguanas
  9 orc priests
  2 centaur skeletons
  6 hounds
  A wasp zombie (D:9)
  Crazy Yiuf (D:5)
  2 giant frog skeletons
  7 orc wizards
  6 worker ants
  2 hound skeletons
  4 worker ant zombies
  4 gnolls
  7 adders
  3 shadow imps
  An ooze (D:7)
  An adder skeleton (D:4)
  3 worms
  2 giant geckos
  44 orcs
  2 ball pythons (D:3)
  5 giant cockroaches
  8 goblins
  3 hobgoblins
  24 kobolds
  7 quokkas
  12 bats
  8 giant newts
  A quokka skeleton (D:4)
  4 rats
235 creatures vanquished.

Notes
Turn   | Place    | Note
--------------------------------------------------------------
     0 | D:1      | Heskey the Demonspawn Gladiator began the quest for the Orb.
     0 | D:1      | Reached XP level 1. HP: 16/16 MP: 1/1
   269 | D:1      | Gained mutation: You are partially covered in large bone plates (AC +2, SH +2). [demonic ancestry]
   269 | D:1      | Reached XP level 2. HP: 18/23 MP: 2/2
   595 | D:2      | Reached skill level 3 in Fighting
   596 | D:2      | Reached XP level 3. HP: 9/29 MP: 3/3
   825 | D:2      | Found a radiant altar of Vehumet.
  1366 | D:3      | Reached skill level 1 in Armour
  1366 | D:3      | Gained mutation: You are partially covered in sharp spines. [demonic ancestry]
  1366 | D:3      | Reached XP level 4. HP: 24/36 MP: 4/4
  1580 | D:3      | Found a blossoming altar of Fedhas.
  2008 | D:3      | Noticed Heskey's ghost (amateur DsGl)
  2069 | D:3      | Reached skill level 4 in Fighting
  2340 | D:3      | Killed Heskey's ghost
  2340 | D:3      | Gained mutation: You have a pair of small horns on your head. [demonic ancestry]
  2340 | D:3      | Reached XP level 5. HP: 20/43 MP: 5/5
  2340 | D:3      | Gained mutation: You are mostly covered in large bone plates (AC +3, SH +3). [demonic ancestry]
  2340 | D:3      | Reached XP level 6. HP: 22/49 MP: 6/6
  2700 | D:4      | Noticed Grinder
  2711 | D:4      | Killed Grinder
  2711 | D:4      | Reached skill level 5 in Fighting
  2728 | D:4      | Noticed Heskey's ghost (novice DsGl)
  3001 | D:4      | Killed Heskey's ghost
  3001 | D:4      | Gained mutation: You are mostly covered in sharp spines. [demonic ancestry]
  3001 | D:4      | Reached XP level 7. HP: 19/57 MP: 7/7
  3217 | D:4      | Found a burning altar of Makhleb.
  3429 | D:3      | Reached skill level 6 in Fighting
  3528 | D:4      | Became a worshipper of Makhleb the Destroyer
  3541 | D:4      | Noticed Sigmund
  3565 | D:4      | Killed Sigmund
  3565 | D:4      | Gained mutation: You have a pair of horns on your head. [demonic ancestry]
  3565 | D:4      | Reached XP level 8. HP: 56/65 MP: 8/8
  3728 | D:4      | Found Xyluinn's General Store.
  3931 | D:4      | Noticed Dowan
  3932 | D:4      | Noticed Duvessa
  3941 | D:4      | Killed Duvessa
  3945 | D:4      | Killed Dowan
  3945 | D:4      | Reached skill level 1 in Shields
  4020 | D:4      | Noticed Edmund
  4033 | D:4      | Killed Edmund
  4033 | D:4      | Reached * piety under Makhleb
  4033 | D:4      | Reached skill level 7 in Fighting
  4216 | D:5      | Entered Level 5 of the Dungeon
  4247 | D:5      | Reached skill level 5 in Armour
  4291 | D:5      | Noticed Eustachio
  4323 | D:5      | Killed Eustachio
  4782 | D:5      | Noticed Crazy Yiuf
  4790 | D:5      | Killed Crazy Yiuf
  4790 | D:5      | Reached skill level 5 in Polearms
  4790 | D:5      | Reached XP level 9. HP: 60/73 MP: 9/9
  5027 | D:6      | Reached skill level 8 in Fighting
  5027 | D:6      | Reached ** piety under Makhleb
  5082 | D:6      | Noticed a hill giant
  5091 | D:6      | Killed a hill giant
  5317 | D:6      | Found a staircase to the Ecumenical Temple.
  5444 | D:7      | Reached *** piety under Makhleb
  5629 | D:7      | Noticed a centaur zombie
  5643 | D:7      | Killed a centaur zombie
  5643 | D:7      | Reached skill level 9 in Fighting
  5718 | D:7      | Noticed Joseph
  5986 | D:7      | Reached XP level 10. HP: 83/83 MP: 10/10
  5988 | D:7      | Gained mutation: You occasionally shout uncontrollably at your foes. [potion of mutation]
  5988 | D:7      | Gained mutation: You can spit weak poison. [potion of mutation]
  5988 | D:7      | Gained mutation: Your body sometimes deteriorates upon taking damage. [potion of mutation]
  6158 | D:7      | Found a basalt altar of Yredelemnul.
  6308 | D:7      | Found a sparkling altar of Nemelex Xobeh.
  6355 | D:7      | HP: 4/83 [Joseph/wand of lightning (14)]
  6360 | D:7      | Killed Joseph
  6932 | D:8      | You fall through a shaft!
  7009 | D:8      | Reached **** piety under Makhleb
  7229 | D:8      | Reached skill level 10 in Fighting
  7381 | D:8      | Found an ancient bone altar of Kikubaaqudgha.
  7744 | D:9      | Reached skill level 1 in Invocations
  7907 | D:9      | Noticed Maurice
  8174 | D:9      | Found a glowing golden altar of the Shining One.
  8345 | D:9      | Reached ***** piety under Makhleb
  8416 | D:10     | Entered Level 10 of the Dungeon
  8502 | D:10     | Noticed Maud
  8521 | D:10     | HP: 4/86 [Maud/eveningstar of protection (27)]
  8524 | D:10     | Annihilated by Maud

Action                   |  1- 3 |  4- 6 |  7- 9 | 10-12 || total
-------------------------+-------+-------+-------+-------++-------
Melee: Trident           |   137 |    91 |   151 |       ||   379
       Spear             |       |       |   124 |   297 ||   421
Evoke: Wand              |       |       |       |     4 ||     4
  Use: Potion            |     3 |     5 |       |     3 ||    11
       Scroll            |       |    10 |    11 |     2 ||    23
 Stab: Sleeping          |     1 |       |       |       ||     1
  Eat: Chunk             |     1 |       |     3 |     7 ||    11
       Meat ration       |       |     1 |       |       ||     1
       Bread ration      |       |     1 |       |       ||     1
       Beef jerky        |       |       |     1 |     1 ||     2
       Pizza             |       |       |     1 |       ||     1
